[Event "Slovakian-ch Youth 2022"]
[Site "Lubovna"]
[Date "2022.05.22"]
[Round "1.22"]
[White "Rak, Martin"]
[Black "Lakota, Jan"]
[Result "1-0"]
[ECO "B19"]
[WhiteElo "1849"]
[BlackElo "1488"]
[Annotator "NA RC COMBH"]
[PlyCount "55"]
[EventDate "2022.05.22"]
[EventCountry "SVK"]
[SourceTitle "playchess.com"]
[Source "ChessBase"]
[SourceQuality "1"]
[TimeControl "40/5400+30:1800+30"]

1. e4 c6 2. d4 d5 3. Nc3 dxe4 4. Nxe4 Bf5 5. Ng3 Bg6 6. Nf3 Nd7 7. h4 h6 8. h5 Bh7 9. Bd3 Bxd3 10. Qxd3 Ngf6 11. Bf4 Qa5+ 12. Bd2 Qc7 13. O-O-O O-O-O 14. Kb1 e6 15. Ne4 Nxe4 16. Qxe4 Bd6 17. c4 Nf6 18. Qc2 Rhe8 19. Qa4 Kb8 20. c5 Bf4 21. Ba5 b6 22. g3 Bg5 23. Ne5 Kb7 24. Nc4 Nd5 25. Rd3 Ra8 26. Nd6+ Kb8 27. Nxe8 Qd7 28. Nd6 1-0

[Event "Slovakian-ch Youth 2022"]
[Site "Lubovna"]
[Date "2022.05.22"]
[Round "1.23"]
[White "Havalda, Samuel"]
[Black "Janik, Marek Tobias"]
[Result "0-1"]
[ECO "B33"]
[WhiteElo "1465"]
[BlackElo "1840"]
[Annotator "NA RC COMBH"]
[PlyCount "96"]
[EventDate "2022.05.22"]
[EventCountry "SVK"]
[SourceTitle "playchess.com"]
[Source "ChessBase"]
[SourceQuality "1"]
[TimeControl "40/5400+30:1800+30"]

1. e4 c5 2. Nf3 Nc6 3. d4 cxd4 4. Nxd4 Nf6 5. Nc3 e5 6. Nb3 Bb4 7. Bd3 O-O 8. Bd2 d5 9. exd5 Nxd5 10. Nxd5 Qxd5 11. Qe2 Qxg2 12. Be4 Bxd2+ 13. Nxd2 Qg5 14. Nf3 Qf4 15. h4 Bg4 16. Qe3 Bxf3 17. Qxf4 exf4 18. Bxf3 Nd4 19. Bd1 Rfe8+ 20. Kf1 Rad8 21. Rh3 f6 22. Rd3 Nf5 23. h5 Rxd3 24. cxd3 Nd4 25. Rc1 b5 26. Rc7 Re5 27. Rd7 Nc6 28. Bb3+ Kf8 29. Rf7+ Ke8 30. h6 gxh6 31. Rxh7 Nd4 32. Rxh6 Nxb3 33. axb3 Re6 34. Rh4 Rd6 35. Ke2 Rd4 36. Kd2 b4 37. Rh6 Rd6 38. Rh8+ Ke7 39. Rh7+ Ke6 40. Rxa7 Kf5 41. Re7 Kg4 42. Ke2 Rd5 43. Re4 Re5 44. f3+ Kg3 45. d4 Rxe4+ 46. fxe4 Kg2 47. d5 f3+ 48. Ke3 f2 0-1

[Event "Slovakian-ch Youth 2022"]
[Site "Lubovna"]
[Date "2022.05.22"]
[Round "1.24"]
[White "Sevcik, Matej"]
[Black "Volanek, Maros"]
[Result "1-0"]
[ECO "E07"]
[WhiteElo "1820"]
[BlackElo "1458"]
[Annotator "NA RC COMBH"]
[PlyCount "49"]
[EventDate "2022.05.22"]
[EventCountry "SVK"]
[SourceTitle "playchess.com"]
[Source "ChessBase"]
[SourceQuality "1"]
[TimeControl "40/5400+30:1800+30"]

1. d4 d5 2. c4 e6 3. Nf3 Nf6 4. g3 Be7 5. Bg2 O-O 6. O-O c6 7. Nc3 Nbd7 8. Qd3 b6 9. e4 dxe4 10. Nxe4 Bb7 11. Rd1 Rc8 12. Bf4 c5 13. Nd6 Bxd6 14. Bxd6 Re8 15. dxc5 Nxc5 16. Qe3 Nce4 17. Ne5 Ba8 18. Bc5 Qc7 19. Bd4 Red8 20. Rac1 Qe7 21. g4 g5 22. f4 gxf4 23. Qxf4 Re8 24. Qh6 Nd6 25. Nd7 1-0

[Event "Slovakian-ch Youth 2022"]
[Site "Lubovna"]
[Date "2022.05.22"]
[Round "1.25"]
[White "Klimek, Martin"]
[Black "Koska, Jiri"]
[Result "0-1"]
[ECO "B12"]
[WhiteElo "1451"]
[BlackElo "1759"]
[Annotator "NA RC COMBH"]
[PlyCount "88"]
[EventDate "2022.05.22"]
[EventCountry "SVK"]
[SourceTitle "playchess.com"]
[Source "ChessBase"]
[SourceQuality "1"]
[TimeControl "40/5400+30:1800+30"]

1. e4 c6 2. d4 d5 3. e5 c5 4. Nf3 Bg4 5. Be3 cxd4 6. Bxd4 Nc6 7. c3 e6 8. Nbd2 Nge7 9. Be2 Ng6 10. O-O Qc7 11. Re1 Be7 12. h3 Bxf3 13. Nxf3 O-O 14. Rc1 Ncxe5 15. Nxe5 Nxe5 16. Bd3 Nxd3 17. Qxd3 Bc5 18. c4 Bxd4 19. Qxd4 dxc4 20. Qxc4 Qxc4 21. Rxc4 Rac8 22. Rec1 Rxc4 23. Rxc4 g6 24. Rc7 Rb8 25. g4 a5 26. Kf1 b5 27. b3 a4 28. bxa4 bxa4 29. Rc2 Rb4 30. Kg2 Kg7 31. Kg3 Kf6 32. h4 h5 33. f3 Rd4 34. Re2 Rb4 35. gxh5 gxh5 36. f4 Rc4 37. Re3 Rc2 38. Ra3 Rc4 39. Re3 Rd4 40. Kf3 Ke7 41. Re4 Rxe4 42. Kxe4 Kd6 43. f5 e5 44. a3 f6 0-1

[Event "Slovakian-ch Youth 2022"]
[Site "Lubovna"]
[Date "2022.05.22"]
[Round "1.26"]
[White "Baron, Patrik"]
[Black "Ondrejcak Gregor"]
[Result "0-1"]
[ECO "C56"]
[WhiteElo "1740"]
[BlackElo "1000"]
[Annotator "NA COMBH"]
[PlyCount "46"]
[EventDate "2022.05.22"]
[EventCountry "SVK"]
[SourceTitle "playchess.com"]
[Source "ChessBase"]
[SourceQuality "1"]
[TimeControl "40/5400+30:1800+30"]

1. e4 e5 2. Nf3 Nc6 3. Bc4 Nf6 4. d4 exd4 5. e5 Ng4 6. O-O Be7 7. Re1 O-O 8. h3 Nh6 9. Bxh6 gxh6 10. Nxd4 d5 11. Nxc6 bxc6 12. Bd3 Rb8 13. Qc1 Bg5 14. f4 Be7 15. Nd2 Bc5+ 16. Kh2 Kh8 17. Nf3 f5 18. c3 Be6 19. Re2 d4 20. Rd2 dxc3 21. Qxc3 Bb4 22. Qxc6 Bxd2 23. Qxe6 Bxf4+ 0-1

[Event "Slovakian-ch Youth 2022"]
[Site "Lubovna"]
[Date "2022.05.22"]
[Round "1.27"]
[White "Brnusak, Simon"]
[Black "Durovka, Marek"]
[Result "0-1"]
[ECO "B34"]
[WhiteElo "1090"]
[BlackElo "1827"]
[Annotator "NA RC COMBH"]
[PlyCount "78"]
[EventDate "2022.05.22"]
[EventCountry "SVK"]
[SourceTitle "playchess.com"]
[Source "ChessBase"]
[SourceQuality "1"]
[TimeControl "40/5400+30:1800+30"]

1. e4 c5 2. Nf3 Nc6 3. d4 cxd4 4. Nxd4 Nf6 5. Nc3 g6 6. Be3 Bg7 7. Qd2 O-O 8. O-O-O Ng4 9. Be2 Nxe3 10. Qxe3 Nxd4 11. Rxd4 Bxd4 12. Qxd4 d6 13. Rd1 Be6 14. f4 Qb6 15. Qd2 Qa5 16. Kb1 Rfc8 17. a3 Rab8 18. g4 b5 19. b4 Qxa3 20. Nd5 Bxd5 21. exd5 Rb6 22. Qc1 Qxb4+ 23. Qb2 Qxb2+ 24. Kxb2 a5 25. Ra1 a4 26. c3 Rc5 27. Kc2 Rxd5 28. f5 gxf5 29. gxf5 Rxf5 30. Rg1+ Kf8 31. Bd3 Rf2+ 32. Kc1 Rxh2 33. Bc2 a3 34. Bb3 a2 35. Bxa2 Rxa2 36. Kb1 Rba6 37. Rc1 Ra1+ 38. Kb2 R6a2+ 39. Kb3 Rxc1 0-1

[Event "Slovakian-ch Youth 2022"]
[Site "Lubovna"]
[Date "2022.05.22"]
[Round "1.28"]
[White "Meszaros, Casey Ryan"]
[Black "Gobl, Fabian"]
[Result "1-0"]
[ECO "C68"]
[WhiteElo "1757"]
[BlackElo "1017"]
[Annotator "NA COMBH"]
[PlyCount "89"]
[EventDate "2022.05.22"]
[EventCountry "SVK"]
[SourceTitle "playchess.com"]
[Source "ChessBase"]
[SourceQuality "1"]
[TimeControl "40/5400+30:1800+30"]

1. e4 e5 2. Nf3 Nc6 3. Bb5 a6 4. Bxc6 bxc6 5. Nxe5 Qe7 6. d4 d6 7. Nf3 Qxe4+ 8. Be3 Nf6 9. O-O Qg6 10. Re1 Be6 11. Ng5 Be7 12. Qe2 O-O 13. f3 Rfe8 14. Nxe6 fxe6 15. c4 c5 16. dxc5 dxc5 17. Nc3 Rad8 18. Rad1 Rxd1 19. Rxd1 Rd8 20. Rxd8+ Bxd8 21. Bxc5 Qf7 22. b4 Be7 23. Na4 Nd7 24. Qe3 Nxc5 25. Nxc5 Bxc5 26. Qxc5 Qf4 27. Kf2 Qh4+ 28. Kf1 Qxh2 29. Qe7 h6 30. Qxe6+ Kh8 31. Qe8+ Kh7 32. Qe4+ Kh8 33. b5 axb5 34. cxb5 Qd6 35. a4 Qd1+ 36. Kf2 Qd2+ 37. Kg1 Qc1+ 38. Kh2 Qc5 39. Qc6 Qe5+ 40. g3 Qe2+ 41. Kh3 Qe7 42. a5 Qe5 43. Qa8+ Kh7 44. Qe4+ Qxe4 45. fxe4 1-0

[Event "Slovakian-ch Youth 2022"]
[Site "Lubovna"]
[Date "2022.05.22"]
[Round "1.29"]
[White "Janoska Peter"]
[Black "Bilik, Matej"]
[Result "0-1"]
[ECO "B07"]
[WhiteElo "1272"]
[BlackElo "1553"]
[Annotator "NA COMBH"]
[PlyCount "86"]
[EventDate "2022.05.22"]
[EventCountry "SVK"]
[SourceTitle "playchess.com"]
[Source "ChessBase"]
[SourceQuality "1"]
[TimeControl "40/5400+30:1800+30"]

1. e4 e5 2. Nc3 Nf6 3. f4 d6 4. Nf3 Nbd7 5. d4 exd4 6. Nxd4 Nc5 7. Bb5+ Bd7 8. Bxd7+ Qxd7 9. e5 dxe5 10. fxe5 Nfe4 11. Nce2 O-O-O 12. Be3 Qe7 13. c3 Qxe5 14. Bf4 Qf6 15. Qc2 Nd6 16. O-O-O g5 17. Bg3 Nce4 18. Rhf1 Qe7 19. Bxd6 Nxd6 20. Ng3 Bg7 21. Ngf5 Nxf5 22. Qxf5+ Rd7 23. Rfe1 Qf6 24. Qxf6 Bxf6 25. Rf1 Bxd4 26. Rxd4 Rxd4 27. cxd4 Rf8 28. Rf5 f6 29. d5 Kd7 30. g4 Ke7 31. Kc2 Kf7 32. Kc3 Re8 33. Kd2 Re4 34. h3 Rd4+ 35. Kc2 Kg6 36. Kc3 Rd1 37. Kc2 Rg1 38. Rf3 Re1 39. Rc3 Re7 40. Kd3 f5 41. Rc4 Rd7 42. gxf5+ Kxf5 43. Ke3 Ke5 0-1

[Event "Slovakian-ch Youth 2022"]
[Site "Lubovna"]
[Date "2022.05.22"]
[Round "1.30"]
[White "Dolnik, Michal"]
[Black "Krajci Hugo"]
[Result "1-0"]
[ECO "C50"]
[WhiteElo "1548"]
[BlackElo "1178"]
[Annotator "NA COMBH"]
[PlyCount "81"]
[EventDate "2022.05.22"]
[EventCountry "SVK"]
[SourceTitle "playchess.com"]
[Source "ChessBase"]
[SourceQuality "1"]
[TimeControl "40/5400+30:1800+30"]

1. e4 e5 2. Nf3 Nc6 3. Bc4 Bc5 4. O-O Nf6 5. d3 h6 6. Be3 Bxe3 7. fxe3 d6 8. Nbd2 Bg4 9. h3 Bh5 10. c3 O-O 11. Qe1 Ne7 12. Nh4 Nh7 13. Qg3 c5 14. Nf5 Nxf5 15. Rxf5 Ng5 16. h4 Nxe4 17. dxe4 Bg6 18. Qxg6 Qe7 19. Qg3 Rac8 20. Raf1 Rc7 21. Rxf7 Rxf7 22. Rxf7 Qxf7 23. Bxf7+ Rxf7 24. Nc4 Rf6 25. Qg4 Kh8 26. Na5 b6 27. Nb7 Kh7 28. Nd8 Kh8 29. Ne6 Rf7 30. Qg6 Rb7 31. Qe8+ Kh7 32. h5 a6 33. Qg6+ Kh8 34. Nd8 Ra7 35. Qe8+ Kh7 36. Nf7 Rxf7 37. Qxf7 Kh8 38. Kh2 Kh7 39. Kg3 Kh8 40. Kg4 Kh7 41. Kf5 1-0

[Event "Slovakian-ch Youth 2022"]
[Site "Lubovna"]
[Date "2022.05.22"]
[Round "1.31"]
[White "Kriska Alexander"]
[Black "Ropovik, Samuel"]
[Result "0-1"]
[ECO "B50"]
[WhiteElo "1046"]
[BlackElo "1453"]
[Annotator "NA COMBH"]
[PlyCount "84"]
[EventDate "2022.05.22"]
[EventCountry "SVK"]
[SourceTitle "playchess.com"]
[Source "ChessBase"]
[SourceQuality "1"]
[TimeControl "40/5400+30:1800+30"]

1. e4 c5 2. Nc3 Nc6 3. Nf3 d6 4. Bc4 Nf6 5. d3 g6 6. d4 cxd4 7. Nxd4 Nxd4 8. Qxd4 Bg7 9. O-O O-O 10. Be3 Ng4 11. Qd2 Nxe3 12. Qxe3 Bd7 13. Rfd1 Rc8 14. Bd5 Bxc3 15. bxc3 b6 16. Rd3 Kg7 17. Bb7 Rc5 18. Rd5 Qc7 19. Rxc5 Qxc5 20. Qd4+ Kg8 21. Qxc5 bxc5 22. Ba6 Rb8 23. h3 Rb2 24. Bd3 Ba4 25. Kf1 Bxc2 26. Bxc2 Rxc2 27. Ke1 Kg7 28. g4 Kf6 29. Rd1 Rxa2 30. Rd2 Rxd2 31. Kxd2 a5 32. Kc2 Ke5 33. f3 Kf4 34. Kb3 Kxf3 35. g5 Kxe4 36. Ka4 d5 37. c4 d4 38. h4 d3 39. h5 d2 40. h6 d1=Q+ 41. Ka3 Qb1 42. Ka4 Qb4# 0-1

[Event "Slovakian-ch Youth 2022"]
[Site "Lubovna"]
[Date "2022.05.22"]
[Round "1.32"]
[White "Ziman, Damian"]
[Black "Diachenko Mykhailo"]
[Result "1-0"]
[ECO "C54"]
[WhiteElo "1293"]
[BlackElo "1000"]
[Annotator "NA COMBH"]
[PlyCount "55"]
[EventDate "2022.05.22"]
[EventCountry "SVK"]
[SourceTitle "playchess.com"]
[Source "ChessBase"]
[SourceQuality "1"]
[TimeControl "40/5400+30:1800+30"]

1. e4 e5 2. Nf3 Nc6 3. Bc4 Nf6 4. d3 h6 5. c3 Bc5 6. O-O d6 7. Nbd2 Bg4 8. Re1 O-O 9. Nf1 Bh5 10. Be3 Bxe3 11. Nxe3 Ng4 12. Nd5 Nf6 13. Qe2 Rb8 14. Qe3 b5 15. Bb3 a5 16. a3 a4 17. Ba2 Ng4 18. Qe2 Re8 19. Rab1 Ne7 20. h3 Nf6 21. Nxf6+ gxf6 22. Qe3 f5 23. Qxh6 Bg6 24. exf5 Nxf5 25. Qxg6+ Ng7 26. Ng5 Re7 27. Qh7+ Kf8 28. Qh8# 1-0

[Event "Slovakian-ch Youth 2022"]
[Site "Lubovna"]
[Date "2022.05.22"]
[Round "1.33"]
[White "Drabek Matej"]
[Black "Shykhnenko, Hryhorii"]
[Result "0-1"]
[ECO "C42"]
[WhiteElo "1000"]
[BlackElo "1284"]
[Annotator "NA COMBH"]
[PlyCount "53"]
[EventDate "2022.05.22"]
[EventCountry "SVK"]
[SourceTitle "playchess.com"]
[Source "ChessBase"]
[SourceQuality "1"]
[TimeControl "40/5400+30:1800+30"]

1. e4 e5 2. Nf3 Nf6 3. Nc3 Bc5 4. Nxe5 Nc6 5. Nf3 Qe7 6. Bd3 d5 7. Qe2 dxe4 8. Nxe4 Nxe4 9. Bxe4 Bd7 10. d3 f5 11. Bg5 Qe6 12. d4 fxe4 13. Nd2 Bxd4 14. Nxe4 O-O 15. O-O Qg6 16. Nf6+ Bxf6 17. Qc4+ Kh8 18. Bxf6 Rxf6 19. Rad1 Bh3 20. Qd5 Rd6 21. Qf3 Bg4 22. Rxd6 cxd6 23. Qf4 Ne5 24. Rd1 Bxd1 25. c4 Nf3+ 26. Kh1 Qd3 27. b4 0-1

[Event "Slovakian-ch Youth 2022"]
[Site "Lubovna"]
[Date "2022.05.22"]
[Round "1.34"]
[White "Dvorak, Alfred"]
[Black "Papay Aurel"]
[Result "0-1"]
[ECO "D02"]
[WhiteElo "1239"]
[BlackElo "1000"]
[Annotator "NA COMBH"]
[PlyCount "46"]
[EventDate "2022.05.22"]
[EventCountry "SVK"]
[SourceTitle "playchess.com"]
[Source "ChessBase"]
[SourceQuality "1"]
[TimeControl "40/5400+30:1800+30"]

1. d4 d5 2. Nf3 Nc6 3. Bf4 Nf6 4. e3 a6 5. a3 Bf5 6. Bd3 Bg6 7. Bxg6 hxg6 8. Nbd2 e6 9. c3 Bd6 10. Bxd6 Qxd6 11. Qc2 O-O-O 12. h3 e5 13. dxe5 Nxe5 14. O-O Rde8 15. b4 Nxf3+ 16. Nxf3 Ne4 17. Rfd1 Rh5 18. c4 Qd7 19. g4 Rxh3 20. Nh2 Rxh2 21. Kf1 Qxg4 22. f3 Qxf3+ 23. Ke1 Rh1# 0-1

[Event "Slovakian-ch Youth 2022"]
[Site "Lubovna"]
[Date "2022.05.22"]
[Round "1.35"]
[White "Slivka Martin"]
[Black "Boros, David"]
[Result "0-1"]
[ECO "B12"]
[WhiteElo "1000"]
[BlackElo "1173"]
[Annotator "NA COMBH"]
[PlyCount "112"]
[EventDate "2022.05.22"]
[EventCountry "SVK"]
[SourceTitle "playchess.com"]
[Source "ChessBase"]
[SourceQuality "1"]
[TimeControl "40/5400+30:1800+30"]

1. e4 c6 2. d4 d5 3. e5 Bf5 4. Bf4 e6 5. Nf3 Nd7 6. Nbd2 Nb6 7. g3 Qd7 8. Bg2 Rc8 9. c3 c5 10. O-O Ne7 11. Rc1 Ng6 12. Be3 c4 13. b3 Ba3 14. Ra1 Bb2 15. g4 Bd3 16. Re1 Bxa1 17. Qxa1 O-O 18. Bg5 h6 19. Be3 Rc7 20. g5 h5 21. Nf1 h4 22. Rd1 h3 23. Bxh3 Be2 24. Re1 Bxf3 25. Ng3 Rfc8 26. Bd2 Qb5 27. Re3 Nh4 28. b4 a5 29. a4 Qxa4 30. Qxa4 Nxa4 31. bxa5 Ra8 32. g6 Rxa5 33. Ne2 Bxe2 34. gxf7+ Kxf7 35. Rxe2 Nb2 36. Bg5 Ra1+ 37. Bf1 Nf3+ 38. Kg2 Nxg5 39. Rxb2 Ne4 40. f3 Nxc3 41. Rc2 Ra2 42. Rxa2 Nxa2 43. Kg3 c3 44. Bd3 c2 45. Bxc2 Rxc2 46. h4 b5 47. Kg4 b4 48. Kg5 b3 49. f4 Rg2+ 50. Kh5 g6+ 51. Kh6 Rh2 52. f5 b2 53. fxg6+ Kg8 54. g7 b1=Q 55. h5 Qf1 56. Kg5 Qf5+ 0-1

[Event "Slovakian-ch Youth 2022"]
[Site "Lubovna"]
[Date "2022.05.22"]
[Round "1.36"]
[White "Hudak, Michal"]
[Black "Stavac Teodor"]
[Result "1-0"]
[ECO "C54"]
[WhiteElo "1169"]
[BlackElo "1000"]
[Annotator "NA COMBH"]
[PlyCount "63"]
[EventDate "2022.05.22"]
[EventCountry "SVK"]
[SourceTitle "playchess.com"]
[Source "ChessBase"]
[SourceQuality "1"]
[TimeControl "40/5400+30:1800+30"]

1. e4 e5 2. Nf3 Nc6 3. Bc4 Bc5 4. c3 Nf6 5. d3 d6 6. Nbd2 O-O 7. h3 Bd7 8. Nf1 Re8 9. Ng3 a6 10. O-O Be6 11. Bb3 d5 12. Nxe5 Nxe5 13. d4 Bd6 14. dxe5 Bxe5 15. exd5 Bxd5 16. Bxd5 Nxd5 17. Qf3 c6 18. Re1 Bd6 19. Bd2 Qb6 20. b3 Rad8 21. Nf5 Qc5 22. b4 Qc4 23. Nxd6 Rf8 24. Nxc4 b5 25. Ne5 Rde8 26. Qg3 f6 27. Bh6 Re7 28. Nxc6 Rd7 29. Ne7+ Rxe7 30. Rxe7 Rf7 31. Re8+ Rf8 32. Qxg7# 1-0

[Event "Slovakian-ch Youth 2022"]
[Site "Lubovna"]
[Date "2022.05.22"]
[Round "2.1"]
[White "Zetocha, Adrian"]
[Black "Nadzamova, Viktoria"]
[Result "1-0"]
[ECO "C02"]
[WhiteElo "2331"]
[BlackElo "2135"]
[Annotator "TA"]
[PlyCount "73"]
[EventDate "2022.05.22"]
[EventCountry "SVK"]
[SourceTitle "playchess.com"]
[Source "ChessBase"]
[SourceQuality "1"]
[TimeControl "40/5400+30:1800+30"]

1. e4 c5 2. Nf3 e6 3. c3 d5 4. e5 Nc6 5. d4 c4 (5... Qb6 $11) 6. b3 $16 {[%emt 0:03:40] C02: French: Advance Variation.} b5 7. a4 Na5 {[%emt 0:00:16] [#]} (7... Qa5 $14) 8. Nfd2 $1 {[%emt 0:05:30] White is better.} ({Reject} 8. axb5 Nxb3 9. Ra2 Bd7 $15) 8... Bd7 (8... b4 $16 {might work better.}) 9. axb5 $18 {[%emt 0:06:40][%cal Rb3c4] [#]} cxb3 $146 ({Predecessor:} 9... Bxb5 10. Na3 Bxa3 11. Bxa3 Qd7 12. bxc4 Nxc4 13. Bxc4 Bxc4 14. Nxc4 dxc4 15. Qg4 f5 {1-0 (27) Privara,I (2217)-Socha,J (1946) Tatranske Zruby 2018}) 10. Nxb3 Nc4 11. N3d2 Nb6 12. Bd3 Ne7 13. Ba3 Ng6 14. g3 Qc7 (14... Bxa3 $142 15. Nxa3 (15. Rxa3 O-O $16) 15... O-O) 15. Bxf8 Kxf8 16. O-O Ne7 17. Qb3 h5 18. h4 g5 19. hxg5 h4 20. Qb4 Qd8 21. g4 Kg7 22. f4 Ng6 23. Bxg6 fxg6 24. Na3 h3 25. Kh2 Qe8 (25... a5 {keeps fighting.} 26. bxa6 Rxa6) 26. Nb3 Qf7 27. Rf3 Rh4 28. Rg1 Rb8 29. Qd6 Rb7 30. f5 gxf5 31. gxf5 Nc8 32. f6+ Kg6 33. Qa6 Rb6 34. Qa4 a6 35. Nc5 {[%emt 0:00:07] [#] Qc2+ would kill now.} Bxb5 36. Qc2+ Kh5 37. g6 {[%emt 0:00:12] Black did not feel at home in the position after the opening.  Weighted Error Value: White=0.11 (very precise) /Black=0.70} 1-0

[Event "Slovakian-ch Youth 2022"]
[Site "Lubovna"]
[Date "2022.05.22"]
[Round "2.1"]
[White "Gollner, Martin"]
[Black "Elias, David"]
[Result "1/2-1/2"]
[ECO "B36"]
[WhiteElo "1585"]
[BlackElo "1901"]
[Annotator "TA"]
[PlyCount "158"]
[EventDate "2022.05.22"]
[EventCountry "SVK"]
[SourceTitle "playchess.com"]
[Source "ChessBase"]
[SourceQuality "1"]
[TimeControl "40/5400+30:1800+30"]

1. e4 c5 2. Nf3 Nc6 3. d4 cxd4 4. Nxd4 g6 5. c4 Nf6 6. Nc3 d6 7. f3 Nxd4 8. Qxd4 Bg7 9. Be3 O-O 10. Qd2 Be6 11. Be2 Qa5 12. O-O Rfc8 13. b3 {[%emt 0:01:21] 13.Rfc1 is not played anymore.} Ng4 {[%emt 0:19:17] B36: Sicilian: Maroczy Bind: Gurgenidze System.} 14. Bd4 Bxd4+ 15. Qxd4 Ne5 {[%emt 0:02:57] White is slightly better.} 16. Nd5 {[%emt 0:04:35] [#]} (16. f4 $16) 16... Bxd5 $146 ({Predecessor:} 16... Nc6 17. Qf2 Bxd5 18. exd5 Ne5 19. Rfe1 Qc5 20. f4 Nd7 21. Bg4 f5 22. Rxe7 Qxf2+ 23. Kxf2 {½-½ (49) Bajo Gutierrez,I (2230)-Villafane Roca,H (2219) Santa Olaya 1999}) 17. exd5 Qc5 18. Qxc5 Rxc5 19. f4 Nd7 20. Bd3 Rc7 21. f5 Ne5 22. Be4 Kg7 23. Rf2 (23. h4 $11) 23... a6 24. a4 Rb8 25. a5 Rc5 (25... g5 $15) 26. Rfa2 g5 27. Kf2 Kf6 28. Kg3 (28. h3 $11) 28... h5 29. h4 (29. Kf2 $15) 29... gxh4+ $17 30. Kf2 (30. Kxh4 $17 {keeps fighting.} Rg8 31. Re1) 30... Rg8 $19 31. Rh1 Rg3 32. Bf3 Kg5 (32... Kxf5 33. Rxh4 Rg5 34. Bxh5 $11) 33. f6 $2 (33. Raa1 {might work better.}) 33... exf6 (33... Kxf6 34. Rxh4 Rg5 35. Bxh5 $15) 34. Rh3 Nxf3 35. Rxg3+ hxg3+ 36. Kxf3 {[%emt 0:00:07][%mdl 4096] Endgame KR-KR} h4 37. Ra1 Kf5 $2 (37... f5 $19 {is more deadly. ...Rc7 is the strong threat.} 38. Ra2 f4) 38. Ke3 $2 (38. Rh1 $17) 38... Kg4 39. Rf1 Rxa5 40. Rxf6 Ra2 $2 (40... Ra3 $19 {and Black stays clearly on top.} 41. Rxf7 Rxb3+ 42. Ke4 Rb2 43. Rg7+ Kh5) 41. Rf4+ (41. c5 $17 h3 42. gxh3+ Kg5 43. Rf3 (43. Rxf7 g2 $17) 43... dxc5 44. Rxg3+ Kf6 45. Kd3) 41... Kg5 42. c5 Rc2 $2 (42... Rxg2 43. cxd6 Rd2 44. d7 Rxd5 45. Rd4 Rxd7 46. Rxd7 $16) (42... dxc5 43. d6 Ra1 44. Kd2 Kxf4 45. d7 $11) ({Black should try} 42... h3 $19 43. gxh3 dxc5 44. h4+ Kg6 45. Rg4+ Kf6 46. Rxg3 Rh2 47. Rf3+ Ke7 48. d6+ Kxd6 49. Rxf7 Rh3+ 50. Rf3 Rxf3+ 51. Kxf3 a5) 43. cxd6 $11 Rc8 $1 (43... Rxg2 $2 44. d7 Re2+ 45. Kxe2 $18) 44. d7 Rd8 {[%emt 0:00:11] Strongly threatening ...f5.} 45. Rxf7 a5 46. Kd4 {[%emt 0:02:26] Threatens to win with Ke5.} Kg6 (46... Kh6 $1 $11) 47. Re7 $16 b6 (47... h3 $16 48. gxh3 (48. Re6+ Kf5 $11) 48... g2) 48. d6 h3 49. gxh3 $2 (49. Re3 $1 $18 ) 49... Rxd7 $11 50. Re6+ (50. Rxd7 $2 {is the wrong capture.} g2 51. Kd5 (51. Rg7+ $2 Kxg7 52. Kc4 g1=Q $19) 51... g1=Q $19) 50... Kf5 51. Kd5 g2 52. Re1 {[%emt 0:00:11] Black must now prevent Kc6.} Rg7 53. Rg1 {[%emt 0:00:09] Hoping for h4.} Kf4 $2 (53... Rg3 $1 $11 {and Black has nothing to worry.}) 54. Kc6 $18 {[%emt 0:01:10] aiming for d7.} Kg3 55. d7 Rg6+ $2 (55... Rxd7 56. Kxd7 b5) 56. Kc7 Rg7 57. h4 {[%emt 0:01:43] And now Kc8 would win.} b5 58. Kc8 $2 (58. h5 {h6 would kill now.} Kf2 59. Rxg2+ $3 Kxg2 60. h6) 58... Rg8+ 59. d8=Q Rxd8+ 60. Kxd8 {[%emt 0:00:01] Threatening mate with h5. KR-K3P} Kf2 {[%emt 0:00:27] [#]} 61. Ra1 $2 (61. Rxg2+ $3 $18 Kxg2 62. h5) 61... g1=Q $2 (61... a4 $11 {and Black is okay.} 62. bxa4 b4 63. Ra2+ Kg3) 62. Rxg1 Kxg1 {[%emt 0:00:02] KPP-KPP} 63. h5 a4 64. bxa4 {[%emt 0:00:31] KPP-KP} b4 65. h6 {[%emt 0:00:06] White wants to mate with h7.} b3 66. h7 b2 67. h8=Q b1=Q {[%emt 0:00:03] ( -> ...Qb8+). KQ-KQ} 68. Qd4+ Kg2 69. Qg4+ Kh2 70. Qf4+ Kg2 71. Qd2+ Kf3 72. Qc3+ Ke4 73. Qc4+ Ke5 74. Qc7+ $2 ({Better is} 74. Qc5+ $18 Ke4 75. Kc7) 74... Kd5 $1 $11 75. a5 Qb5 {[%emt 0:01:13] [#]} (75... Qb2 $11) 76. Qf7+ ({White has to play} 76. Kc8 $1 $16) 76... Kc5 {[%emt 0:00:31] The position is equal.} 77. Qf2+ Kb4 78. Qd2+ Ka4 79. Qa2+ Kb4 {[%emt 0:00:07] Both players deserved the win here.  Weighted Error Value: White=0.67/Black=0.38} 1/2-1/2

[Event "Slovakian-ch Youth 2022"]
[Site "Lubovna"]
[Date "2022.05.22"]
[Round "2.1"]
[White "Matejka, Simon"]
[Black "Mazak, Ryan"]
[Result "0-1"]
[ECO "B00"]
[WhiteElo "1235"]
[BlackElo "1575"]
[Annotator "NA COMBH"]
[PlyCount "124"]
[EventDate "2022.05.22"]
[EventCountry "SVK"]
[SourceTitle "playchess.com"]
[Source "ChessBase"]
[SourceQuality "1"]
[TimeControl "40/5400+30:1800+30"]

1. e4 b6 2. Bc4 e6 3. Nc3 Bb7 4. Nf3 Bb4 5. Qe2 d6 6. a3 Bxc3 7. bxc3 Nd7 8. d4 h6 9. O-O Ngf6 10. Bd3 O-O 11. Bf4 a6 12. Rfb1 Re8 13. Rd1 e5 14. dxe5 dxe5 15. Nxe5 Nxe5 16. Bxe5 Rxe5 17. f4 Re7 18. Bxa6 Qc8 19. Bxb7 Qxb7 20. e5 Nd7 21. Qg4 Nc5 22. Rd4 Ree8 23. Qf5 Qc8 24. Qh5 Ne6 25. Re4 Qb7 26. Rb4 c5 27. Rb3 Nxf4 28. Qg4 Ng6 29. Rab1 Nxe5 30. Qf4 Ng6 31. Qg4 h5 32. Qxh5 Qxg2+ 33. Kxg2 Nf4+ 34. Kf2 Nxh5 35. Rxb6 Rxa3 36. R1b3 Rxb3 37. cxb3 Nf6 38. Rc6 Rb8 39. Ke2 Rxb3 40. Rc8+ Kh7 41. Rxc5 Rb2+ 42. Kd3 Rd2+ 43. Kxd2 Ne4+ 44. Ke3 Nxc5 45. Kf3 Nd7 46. Kf4 Kg6 47. c4 f5 48. h3 Kf6 49. h4 g6 50. Kg3 Ke5 51. Kf3 f4 52. Ke2 Kf5 53. c5 Nxc5 54. Kf3 Ne4 55. Ke2 Kg4 56. h5 gxh5 57. Kf1 Kg3 58. Kg1 f3 59. Kh1 Kf2 60. Kh2 Ke2 61. Kh3 f2 62. Kh2 Nc5 0-1